 Dungeon Crawl Stone Soup version 0.18-a0-1014-g3bbf375 (webtiles) character file.

114 M4edhros the Charlatan (level 4, -6/28 HPs)
             Began as an Octopode Artificer on Jan 6, 2016.
             Mangled by an iguana (13 damage)
             ... on level 4 of the Dungeon.
             The game lasted 00:02:09 (1662 turns).

M4edhros the Charlatan (Octopode Artificer)         Turns: 1662, Time: 00:02:09

Health: -6/28      AC:  6    Str: 10    XL:     4   Next: 98%
Magic:  6/6        EV: 13    Int: 15    God:
Gold:   114        SH:  0    Dex: 12    Spells: 0 memorised, 3 levels left

rFire  + + .     SeeInvis .     a - +0 short sword
rCold  x . .     Gourm    .     (no shield)
rNeg   . . .     Faith    .     m - +2 hat
rPois  .         Spirit   .     l - amulet of harm
rElec  .         Dismiss  .     p - ring of protection from fire
rCorr  .         Reflect  .     w - ring of fire
SustAt .         Harm     +     y - +3 ring of protection
MR     .....                    (no ring)
Stlth  ++++......               (no ring)
                                (no ring)
                                (no ring)
                                (no ring)

@: not resistant to hostile enchantments, stealthy
A: almost no armour, amphibious, 8 rings, constrict 8, camouflage 1, gelatinous
body 1
a: no special abilities


You were on level 4 of the Dungeon.
You were very hungry.

You visited 1 branch of the dungeon, and saw 4 of its levels.

You collected 114 gold pieces.

Inventory:

Hand Weapons
 a - a +0 short sword (weapon)
 u - a +0 hunting sling
Missiles
 e - 27 stones (quivered)
 v - 24 sling bullets
Armour
 m - a +2 hat (worn)
Jewellery
 l - an amulet of harm (around mantle)
 p - a ring of protection from fire (left tentacle)
 w - a ring of fire (right tentacle)
 y - a +3 ring of protection (on tentacle)
Wands
 b - a wand of flame (15/48)
 c - a wand of enslavement (15/24)
 d - a wand of random effects (13/48)
Scrolls
 g - 2 scrolls of remove curse {unknown}
 h - 2 scrolls of identify {unknown}
 j - a scroll of enchant armour {unknown}
 k - a scroll of immolation {unknown}
 q - a scroll of teleportation {unknown}
 r - a scroll of fog {unknown}
 s - a scroll of blinking {unknown}
Potions
 i - 2 potions of might {unknown}
 o - 2 potions of poison {unknown}
 t - a potion of mutation {unknown}
Books
 n - a book of the Sky

   Spells                             Type                      Level
   a - Summon Lightning Spire         Summoning/Air                4
   b - Airstrike                      Air                          4
   c - Silence                        Hexes/Air                    5
   d - Deflect Missiles               Charms/Air                   6
   e - Conjure Ball Lightning         Conjuration/Air              6
   f - Tornado                        Air                          9
Comestibles
 f - 2 bread rations
 x - a slice of pizza


   Skills:
 - Level 1.0 Fighting
 - Level 1.0 Short Blades
 * Level 2.0 Slings
 + Level 3.0 Dodging
 + Level 3.7 Stealth
 + Level 3.9 Evocations


You had 3 spell levels left.
You didn't know any spells.

Dungeon Overview and Level Annotations

Branches:
Dungeon (4/15)
 Temple: D:4-7

Altars:
Dithmenos
The Shining One


Innate Abilities, Weirdness & Mutations

You cannot wear most types of armour.
You are amphibious.
You can wear up to eight rings at the same time.
You can use your tentacles to constrict eight enemies at once.
Your skin changes colour to match your surroundings (Stealth).
Your rubbery body absorbs attacks (AC +1).


Message History

You feel a bit more experienced. The orc closely misses you.
You closely miss the orc. You grab the orc.
You squeeze the orc, but do no damage.
You constrict the orc, but do no damage.
The orc misses you.
You hit the orc but do no damage. You constrict the orc.
The orc closely misses you.
You hit the orc but do no damage. You squeeze the orc.
You kill the orc!
You hit the iguana but do no damage. Your grab misses the iguana.
Your squeeze misses the iguana. The iguana bites you!
* * * LOW HITPOINT WARNING * * *
You hit the iguana. Your grab misses the iguana.
Your squeeze misses the iguana.
The iguana is lightly wounded.
The iguana barely misses you.
You hit the iguana. Your grab misses the iguana.
The iguana is moderately wounded.
The iguana bites you!
You die...

# #.......# #
##.#._.#.## #
#..##.##..# #
#...###...#
#.......#
##.....##
#.$).#......
o......#l#)#####
###o#l##@#.#
#... #.#.# #.#l
#.#.# # .....
#.#.########.#
### #
#............#
#........[.# #.
#.......##.#
.##..####..# #
....##..##.#


You could see an iguana.

Vanquished Creatures
  An orc wizard (D:4)
  A hound (D:4)
  An adder (D:2)
  3 giant geckos
  3 orcs (D:4)
  4 giant cockroaches
  6 goblins
  7 hobgoblins
  A quokka (D:2)
  4 bats
  2 giant newts (D:1)
  A jackal skeleton (D:4)
  3 kobolds (D:1)
  3 rats
40 creatures vanquished.

Notes
Turn   | Place    | Note
--------------------------------------------------------------
     0 | D:1      | M4edhros the Octopode Artificer began the quest for the Orb.
     0 | D:1      | Reached XP level 1. HP: 13/13 MP: 3/3
   141 | D:1      | Reached XP level 2. HP: 8/18 MP: 4/4
   842 | D:1      | Reached XP level 3. HP: 11/23 MP: 5/5
  1236 | D:2      | Found a glowing golden altar of the Shining One.
  1411 | D:4      | Reached skill level 1 in Slings
  1589 | D:4      | Reached XP level 4. HP: 28/28 MP: 6/6
  1631 | D:4      | Found a shadowy altar of Dithmenos.
  1662 | D:4      | Mangled by an iguana

Vault maps used:
D:1:      minmay_arrival_doors, serial_glass, glass_columns_c, glass_columns_b
D:2:      vehumet_crystals, overflow_temple_1_default, lemuel_doored_altar
D:3:      corexii_shack_village
D:4:      nicolae_dithmenos_through_a_glass_darkly, minmay_close_crescents

Action                   |  1- 3 |  4- 6 || total
-------------------------+-------+-------++-------
Melee: Short sword       |    69 |    20 ||    89
Evoke: Wand              |     2 |       ||     2
 Stab: Sleeping          |    10 |     1 ||    11
       Distracted        |     1 |       ||     1
  Eat: Chunk             |     1 |       ||     1
